 Dungeon Crawl Stone Soup version 0.27.1-33-g824d729ab1 (webtiles) character file.

Game seed: 8728217342971344912

14 coolguy420 the Magician (level 2, -1/19 HPs)
             Began as a Human Hedge Wizard on Dec 7, 2021.
             Slain by a gnoll (8 damage)
             ... on level 1 of the Dungeon.
             The game lasted 00:05:31 (789 turns).

coolguy420 the Magician (Human Hedge Wizard)         Turns: 789, Time: 00:05:31

Health: -1/19      AC:  2    Str: 10    XL:     2   Next: 60%
Magic:  6/6        EV: 12    Int: 14    God:
Gold:   5          SH:  0    Dex: 12    Spells: 4/7 levels left

rFire    . . .     SeeInvis .   a - +0 dagger
rCold    . . .     Faith    .   (no shield)
rNeg     . . .     Spirit   .   b - +0 robe
rPois    .         Reflect  .   c - +0 hat
rElec    .         Harm     .   (no cloak)
rCorr    .         Rampage  .   (no gloves)
Will     .....                  (no boots)
Stlth    ++........             (no amulet)
HPRegen  0.06/turn              (no ring)
MPRegen  0.10/turn              (no ring)

@: no status effects
A: no striking features
a: no special abilities


You were on level 1 of the Dungeon.
You visited 1 branch of the dungeon, and saw 2 of its levels.

You collected 5 gold pieces.

Inventory:

Hand Weapons
 a - a +0 dagger (weapon)
Armour
 b - a +0 robe (worn)
 c - a +0 hat (worn)
Scrolls
 d - a scroll of enchant armour {unknown}
 e - 2 scrolls of vulnerability {unknown}


   Skills:
 + Level 0.2 Fighting
 + Level 0.1 Short Blades
 + Level 2.2 Dodging
 + Level 2.1 Stealth
 + Level 3.4 Spellcasting
 + Level 1.0 Conjurations
 + Level 1.0 Summonings
 + Level 1.0 Translocations


You had 4 spell levels left.
You knew the following spells:

 Your Spells              Type           Power      Damage    Failure   Level
a - Magic Dart            Conj           20%        1d4       14%         1
b - Call Imp              Summ           5%         N/A       21%         2

Your spell library contained the following spells:

 Spells                   Type           Power      Damage    Failure   Level
 Blink                    Tloc           N/A        N/A       21%         2
 Slow                     Hex            2%         N/A       30%         2
 Conjure Flame            Conj/Fire      3%         6-21      45%         3
 Mephitic Cloud           Conj/Pois/Air  3%         N/A       47%         3


Dungeon Overview and Level Annotations

Branches:
Dungeon (2/15)

Altars:


Message History

Aiming: Magic Dart (safe; 14% risk of failure)
Press: ? - help, Q - select action, (/) - cycle Shift-Dir - straight line, f - worm
Aim: a worm (100% to hit)
The magic dart hits the worm.
The worm is lightly wounded.
Aiming: Magic Dart (safe; 14% risk of failure)
Press: ? - help, Q - select action, (/) - cycle Shift-Dir - straight line, f/p - worm
Aim: a worm (lightly wounded, 100% to hit)
The magic dart hits the worm.
The worm is moderately wounded.
The worm closely misses you.
You climb upwards.
There is a stone staircase leading down here.
Aiming: Magic Dart (safe; 14% risk of failure)
Press: ? - help, Q - select action, (/) - cycle Shift-Dir - straight line, f - worm
Aim: a worm (100% to hit)
The magic dart hits the worm.
The worm is lightly wounded.
Aiming: Magic Dart (safe; 14% risk of failure)
Press: ? - help, Q - select action, (/) - cycle Shift-Dir - straight line, f/p - worm
Aim: a worm (100% to hit)
The magic dart hits the worm.
The worm is lightly wounded.
Found a leather armour.
A kobold comes into view. It is wielding a +0 whip.
Found 5 gold pieces.
You now have 5 gold pieces.
A gnoll comes into view. It is wielding a +0 spear.
The gnoll shouts!
There are no items here.
Aiming: Magic Dart (safe; 14% risk of failure)
Press: ? - help, Q - select action, (/) - cycle Shift-Dir - straight line, f - gnoll
Aim: a gnoll, wielding a +0 spear (100% to hit)
The magic dart hits the gnoll.
The gnoll is lightly wounded.
The gnoll barely misses you.
The gnoll hits you from afar with a +0 spear.
The gnoll hits you from afar with a +0 spear!
The gnoll hits you from afar with a +0 spear!
You die...

##### #### #...####
#...
#....g.##########.##
#..@##............#
##.################
#.# #.# #.# #.# #.#
#.# #.#


You could see a gnoll.

Vanquished Creatures
  2 ball pythons (D:1)
  2 bats
  2 goblins
  3 hobgoblins
  A jackal (D:1)
  A quokka (D:1)
  A rat (D:1)
12 creatures vanquished.

Vanquished Creatures (others)
  A fungus (D:1)
  2 plants (D:1)
3 creatures vanquished.

Grand Total: 15 creatures vanquished

Notes
Turn   | Place    | Note
-------+----------+-------------------------------------------
     0 | D:1      | coolguy420 the Human Hedge Wizard began the quest for the
                  | Orb.
     0 | D:1      | Reached XP level 1. HP: 13/13 MP: 4/4
   238 | D:1      | Reached XP level 2. HP: 19/19 MP: 3/6
   270 | D:1      | Learned a level 2 spell: Call Imp
   789 | D:1      | Slain by a gnoll

Illustrated notes

Levels and vault maps discovered:
D:1:      wheals_arrival_shading, layout_loops_ring,
          shapermc_ecumenical_altar_mp_urbaneastern,
          minmay_misc_feat_four_crosses
D:2:      layout_basic, serial_forest, infiniplex_forest_end_2,
          infiniplex_forest_clump_C, infiniplex_forest_lined_room_2,
          infiniplex_forest_lined_corner, infiniplex_forest_straight_4,
          infiniplex_forest_clump_tiny, uniq_natasha, uniq_crazy_yiuf_cottage

Action                   || total
-------------------------++-------
Melee: Dagger            ||    44
 Cast: Magic Dart        ||    28
Armor: Robe              ||    13
Dodge: Dodged            ||    32
